 Dungeon Crawl Stone Soup version 0.23-a0-335-gba3dfdf (webtiles) character file.

63 Garbasso the Insei (level 3, 0/30 HPs)
             Began as a Draconian Transmuter on Oct 17, 2018.
             Was an Initiate of Nemelex Xobeh.
             Slain by Sigmund
             ... wielding a +5 scythe of protection
              (5 damage)
             ... on level 2 of the Dungeon.
             The game lasted 00:07:43 (2116 turns).

Garbasso the Insei (Draconian Transmuter)           Turns: 2116, Time: 00:07:43

Health: 0/30       AC:  6    Str: 12    XL:     3   Next: 87%
Magic:  1/6        EV: 12    Int: 13    God:    Nemelex Xobeh [......]
Gold:   117        SH:  0    Dex: 12    Spells: 0/6 levels left

rFire    . . .     SeeInvis .     - Unarmed
rCold    . . .     Gourm    .   (no shield)
rNeg     . . .     Faith    .   (armour unavailable)
rPois    +         Spirit   .   (helmet restricted)
rElec    .         Reflect  .   h - +0 cloak
rCorr    .         Harm     .   (no gloves)
MR       .....                  (no boots)
Stlth    +.........             (no amulet)
HPRegen  0.10/turn              i - ring of poison resistance
MPRegen  0.10/turn              (no ring)

@: confused, very slightly contaminated
A: unfitting armour, cold-blooded, AC +5
a: Renounce Religion


You were on level 2 of the Dungeon.
You worshipped Nemelex Xobeh.
Nemelex Xobeh was noncommittal.
You were not hungry.

You visited 1 branch of the dungeon, and saw 2 of its levels.

You collected 117 gold pieces.

Inventory:

Missiles
 a - 20 arrows
 g - 5 tomahawks (quivered)
Armour
 h - a +0 cloak (worn)
Jewellery
 i - a ring of poison resistance (left hand)
 p - a +3 ring of slaying {unknown}
Scrolls
 b - 2 scrolls of remove curse {unknown}
 d - 2 scrolls of random uselessness {unknown}
 f - 3 scrolls of enchant armour {unknown}
 k - 3 scrolls of identify {unknown}
 n - a scroll of fog {unknown}
 q - a scroll of enchant weapon {unknown}
 s - a scroll of amnesia {unknown}
Potions
 e - 2 potions of degeneration {unknown}
 j - a potion of might {unknown}
 l - a potion of invisibility {unknown}
 m - 2 potions of agility {unknown}
 o - a potion of resistance {unknown}
 t - a potion of haste {unknown}
 u - a potion of flight {unknown}
Comestibles
 c - 7 rations


   Skills:
 + Level 2.3 Fighting
 - Level 1.7 Dodging
 + Level 3.7 Unarmed Combat
 - Level 2.0 Spellcasting
 + Level 2.9 Transmutations
 * Level 0.3 Poison Magic


You couldn't memorise any spells.
You knew the following spells:

 Your Spells              Type           Power        Failure   Level  Hunger
a - Beastly Appendage     Tmut           #.....       8%          1    ##.....
b - Sticks to Snakes      Tmut           #.......     12%         2    ###....
c - Spider Form           Tmut/Pois      #.........   36%         3    ####...

Your spell library contained the following spells:

 Spells                   Type           Power        Failure   Level  Hunger
 Ice Form                 Ice/Tmut       #.......     80%         4    #####..
 Blade Hands              Tmut           #.........   91%         5    ######.


Dungeon Overview and Level Annotations

Branches:
Dungeon (2/15)

Altars:
Nemelex Xobeh

Annotations:
D:2 Sigmund


Innate Abilities, Weirdness & Mutations

Your plain brown scales are hard. (AC +5)
You cannot fit into any form of body armour.
You are cold-blooded and may be slowed by cold attacks.


Message History

Sigmund points at you and mumbles some strange words.
The puff of flame hits you!
* * * LOW HITPOINT WARNING * * *
Your adder barely misses Sigmund.
Your transformation has ended.
Your +0 cloak unmelds from your body.
Sigmund closely misses your adder.
Your adder bites Sigmund but does no damage.
Your adder bites Sigmund.
Sigmund casts a spell.
Sigmund flickers and vanishes!
Deactivating autopickup; reactivate with Ctrl-A.
Are you sure you want to stumble around while confused and next to your adder?
Something hits you.
* * * LOW HITPOINT WARNING * * *
Are you sure you want to stumble around while confused and next to your adder?
Are you sure you want to stumble around while confused and next to your adder?
Are you sure you want to stumble around while confused and next to your adder?
You barely miss your adder. The adder closely misses you. Something hits you.
You die...
Your body disappears without a glow.

#.########.##........#
#.#.............###..#
#.#.######.##.### #..#
#.#.# #....# #..#
#.#.#########.# #.##
#.#.......(.<.#####.#
#.#.########........#
### #.#.# #...#.####
..###.#.# #@..#.#
#..##.#(# ######S..#.#
##...)#.###.....{..#.#
.#................>..#
####...............###
#..##...########.###
'._.#.#.# #.#
##.##.#.########.#
.###.............#


You could see an adder.

Vanquished Creatures
  2 adders (D:2)
  4 dart slugs
  A worm (D:2)
  A leopard gecko (D:1)
  4 bats
  3 giant cockroaches
  2 goblins
  4 hobgoblins
  6 kobolds
  A ball python (D:2)
  5 frilled lizards
33 creatures vanquished.

Vanquished Creatures (collateral kills)
  A kobold (D:2)
1 creature vanquished.

Grand Total: 34 creatures vanquished

Notes
Turn   | Place    | Note
-------+----------+-------------------------------------------
     0 | D:1      | Garbasso the Draconian Transmuter began the quest for the
                  | Orb.
     0 | D:1      | Reached XP level 1. HP: 16/16 MP: 3/3
   258 | D:1      | Reached XP level 2. HP: 23/23 MP: 3/5
   265 | D:1      | Learned a level 2 spell: Sticks to Snakes
   972 | D:2      | Reached XP level 3. HP: 26/29 MP: 4/6
  1205 | D:2      | Learned a level 3 spell: Spider Form
  1335 | D:2      | Noticed Sigmund
  2070 | D:2      | Found a sparkling altar of Nemelex Xobeh.
  2074 | D:2      | Became a worshipper of Nemelex Xobeh the Trickster
  2116 | D:2      | Slain by Sigmund

Vault maps used:
D:1:      dpeg_arrival_tiny_i
D:2:      nemelex_dance_club_becter, uniq_sigmund

Skill      XL: |  1  2  3 |
---------------+----------+-----
Fighting       | 2 |  2.3
Dodging        | |  1.7
Unarmed Combat | |  3.7
Spellcasting   | |  2.0
Transmutations | |  2.9
Poison Magic   | |  0.3

Action                   || total
-------------------------++-------
Melee: Unarmed           ||   125
       Headbutt          ||     7
       Kick              ||     6
       Tailslap          ||     8
 Cast: Beastly Appendage ||    15
       Sticks to Snakes  ||     7
       Spider Form       ||     1
  Eat: Chunk             ||     5
Armor: Skin              ||    40
Dodge: Dodged            ||    68

Table legend:
 A = Non-vault XP
 B = Vault XP
 C = Vault XP percentage of total XP
 D = Non-vault monster count
 E = Vault monster count
 F = Vault count percentage of total count
                 A         B        C        D         E       F
            +---------+---------+-------+---------+---------+-------
      Total |      90 |       0 |   0.0 |      34 |       0 |   0.0
            +---------+---------+-------+---------+---------+-------
        D:1 |      27 |       0 |   0.0 |      13 |       0 |   0.0
        D:2 |      63 |       0 |   0.0 |      21 |       0 |   0.0
            +---------+---------+-------+---------+---------+-------
